 Dungeon Crawl Stone Soup version 0.16.1-28-gcc2312f (webtiles) character file.

399 Kite the Cudgeler (level 6, -6/55 HPs)
             Began as a Gargoyle Berserker on May 24, 2015.
             Was an Elder of Trog.
             Mangled by an orc warrior
             ... wielding a +0 glaive
              (9 damage)
             ... on level 5 of the Dungeon.
             The game lasted 00:15:36 (4571 turns).

Kite the Cudgeler (Gargoyle Berserker)              Turns: 4571, Time: 00:15:37

Health: -6/55      AC: 20    Str: 25    XL:     6   Next: 84%
Magic:  6/6        EV:  6    Int:  8    God:    Trog [****..]
Gold:   189        SH:  3    Dex: 11    Spells: 0 memorised, 5 levels left

rFire  . . .     SeeInvis .     B - +1 flail (protect)
rCold  . . .     Clarity  .     w - +0 plate armour
rNeg   + + .     SustAb   .     g - +0 buckler
rPois  ∞         Gourm    .     (no helmet)
rElec  +         Spirit   .     (no cloak)
rCorr  .         Warding  +     (no gloves)
rMut   .         Stasis   .     (no boots)
MR     ++...                    m - amulet of warding
Stlth  ..........               (no ring)
                                (no ring)

@: berserking (expiring), regenerating, very quick, very resistant to hostile
enchantments, extremely unstealthy
A: negative energy resistance 1, electricity resistance, unbreathing,
petrification resistance, rot immunity, AC +4
a: Burn Spellbooks, Berserk, Trog's Hand, Brothers in Arms, Renounce Religion


You were on level 5 of the Dungeon.
You worshipped Trog.
Trog was greatly pleased with you.
You were very hungry.

You visited 1 branch of the dungeon, and saw 5 of its levels.

You collected 189 gold pieces.

Inventory:

Hand weapons
 a - a +0 mace
 b - a cursed -1 hand axe
 p - a +0 hunting sling
 s - a cursed -2 battleaxe
 B - a +1 flail of protection (weapon)
Missiles
 q - 20 stones (quivered)
 y - 8 javelins of penetration
Armour
 g - a +0 buckler (worn)
 w - a +0 plate armour (worn)
Jewellery
 m - an amulet of warding (around neck)
Scrolls
 d - 5 scrolls of identify {unknown}
 f - 2 scrolls of fog {unknown}
 h - a scroll of noise {unknown}
 i - a scroll of immolation {unknown}
 j - 2 scrolls of remove curse {unknown}
 l - 3 scrolls of amnesia {unknown}
 n - a scroll of fear {unknown}
 v - a scroll of teleportation {unknown}
 x - a scroll of recharging {unknown}
 A - a scroll of enchant weapon {unknown}
Potions
 e - 2 potions of haste {unknown}
 k - a potion of heal wounds {unknown}
 o - 2 potions of agility {unknown}
 r - 2 potions of lignification {unknown}
 t - a potion of curing {unknown}
 z - a potion of restore abilities {unknown}
Comestibles
 c - 3 bread rations
 u - 2 meat rations
 C - a chunk of flesh


   Skills:
 - Level 3.2 Fighting
 + Level 7.5 Maces & Flails
 - Level 2.1 Armour
 - Level 1.5 Dodging


You had 5 spell levels left.
You didn't know any spells.

Dungeon Overview and Level Annotations

Branches:
Dungeon (5/15)             Temple (0/1) D:4

Altars:


Innate Abilities, Weirdness & Mutations

You are resistant to torment.
You are immune to poison.
Your stone body is very resilient (AC +4).
You resist negative energy.
You are resistant to electric shocks.
You can survive without breathing.
You are immune to petrification.
You are immune to rotting.


Message History

Trog appreciates your killing of a magic user.
The orc warrior hits you from afar with a glaive!
* * * LOW HITPOINT WARNING * * *
The orc barely misses you.
The crimson imp hits you but does no damage.
The orc hits you but does no damage.
You closely miss the orc.
The crimson imp blinks!
The orc hits you but does no damage. The orc barely misses you.
The orc warrior hits you but does no damage.
You closely miss the orc.
Your plate armour prevents you from hitting the orc.
The orc hits you with a hand axe.
* * * LOW HITPOINT WARNING * * *
The orc hits you but does no damage.
You bludgeon the orc!!
You kill the orc!
Trog accepts your kill.
The orc warrior hits you from afar with a glaive!
You die...

▒▒··· ▒▒·······
▒▒▒·········
·▒▒·····5········
···················
····················
▒···················
··▒▒··o))··>············
········@················
·······o)················
························
···············[········
···············▒▒·······
··············▒······▒
····················▒▒
····················▒
········▒▒···▒▒▒···


You could see an orc warrior, a crimson imp and an orc.

Vanquished Creatures
  An orc priest (D:4)
  An iguana (D:4)
  4 orc wizards
  A worker ant (D:4)
  5 gnolls
  An adder (D:3)
  A giant mite (D:3)
  5 worms
  An adder skeleton (D:4)
  2 oozes
  2 giant geckos (D:3)
  10 orcs
  3 ball pythons
  9 bats
  6 giant cockroaches
  10 goblins
  14 hobgoblins
  3 quokkas
  A giant gecko skeleton (D:4)
  5 giant newts
  2 jackals (D:1)
  8 kobolds
  14 rats
109 creatures vanquished.

Notes
Turn   | Place    | Note
--------------------------------------------------------------
     0 | D:1      | Kite, the Gargoyle Berserker, began the quest for the Orb.
     0 | D:1      | Reached XP level 1. HP: 14/14 MP: 1/1
   296 | D:1      | Reached XP level 2. HP: 19/19 MP: 2/2
   459 | D:1      | Reached skill level 4 in Maces & Flails
   489 | D:1      | Reached XP level 3. HP: 21/23 MP: 3/3
   732 | D:1      | Acquired Trog's second power
  1610 | D:2      | Reached XP level 4. HP: 28/28 MP: 4/4
  1970 | D:2      | Reached skill level 5 in Maces & Flails
  2547 | D:3      | Reached XP level 5. HP: 18/32 MP: 5/5
  3117 | D:3      | Reached skill level 6 in Maces & Flails
  3602 | D:4      | Found a staircase to the Ecumenical Temple.
  3624 | D:4      | Received a gift from Trog
  3624 | D:4      | Reached XP level 6. HP: 31/37 MP: 6/6
  4076 | D:4      | Reached skill level 7 in Maces & Flails
  4349 | D:4      | Acquired Trog's third power
  4485 | D:5      | Entered Level 5 of the Dungeon
  4567 | D:5      | HP: 2/55 [orc warrior/glaive (7)]
  4571 | D:5      | Mangled by an orc warrior

Action                   |  1- 3 |  4- 6 || total
-------------------------+-------+-------++-------
Melee: Mace              |   130 |   279 ||   409
       Flail             |       |    72 ||    72
Invok: Berserk           |     2 |     3 ||     5
       Trog's Hand       |       |     2 ||     2
  Eat: Chunk             |     4 |    12 ||    16
